 Dungeon Crawl Stone Soup version 0.28.0-53-g5a82cb258f (webtiles) character file.

Game seed: 1987392161932662666

130 Stomo the Skirmisher (level 5, -6/57 HPs)
             Began as an Ogre Monk on July 6, 2022.
             Mangled by Crazy Yiuf
             ... wielding a +3 quarterstaff of chaos
              (10 damage)
             ... on level 2 of the Dungeon.
             The game lasted 00:02:28 (2236 turns).

Stomo the Skirmisher (Ogre Monk)                    Turns: 2236, Time: 00:02:29

Health: -6/57      AC:  4    Str: 17    XL:     5   Next: 14%
Magic:  5/5        EV: 10    Int: 11    God:
Gold:   75         SH:  0    Dex: 11    Spells: 4/4 levels left

rFire   . . .      SeeInvis +   a - +0 mace
rCold   . . .      Faith    .   (no shield)
rNeg    . . .      Spirit   .   b - +0 robe
rPois   .          Reflect  .   (helmet restricted)
rElec   .          Harm     .   f - +0 cloak
rCorr   .          Rampage  .   (gloves unavailable)
Will    .....                   (boots unavailable)
Stlth   ++........              (no amulet)
HPRegen 0.19/turn               d - ring of see invisible
MPRegen 0.09/turn               (no ring)

@: lethally poisoned (-6 -> -24)
A: large, unfitting armour, tough skin 1
a: no special abilities


You were on level 2 of the Dungeon.
You visited 1 branch of the dungeon, and saw 2 of its levels.

You collected 75 gold pieces.

Inventory:

Hand Weapons
 a - a +0 mace (weapon)
Armour
 b - a +0 robe (worn)
 f - a +0 cloak (worn)
Jewellery
 d - a ring of see invisible (left hand)
 e - an amulet of the acrobat
Wands
 h - a wand of polymorph (3)


   Skills:
 + Level 5.4 Fighting
 + Level 3.7 Maces & Flails
 + Level 3.6 Dodging
 - Level 1.4 Stealth


You had 4 spell levels left.
You didn't know any spells.
Your spell library contained the following spells:

 Spells                   Type           Power      Damage    Failure   Level
 Static Discharge         Conj/Air       0%         N/A       47%         2
 Lightning Bolt           Conj/Air       0%         1d11      100%        5
 Maxwell's Capacitive Co  Air            0%         ∞         100%        8


Dungeon Overview and Level Annotations

Branches:
Dungeon (2/15)

Altars:
Uskayaw

Shops:
D:1 =

Annotations:
D:2 Crazy Yiuf


Innate Abilities, Weirdness & Mutations

You are too large for most types of armour.
You have tough skin. (AC +1)


Message History

You bump into the runed translucent door.
You bump into the rock wall.
You feel less invigorated.
You feel less confused.
You open the door. You barely miss Crazy Yiuf. Crazy Yiuf closely misses you.
You hit Crazy Yiuf.
Crazy Yiuf is lightly wounded.
Crazy Yiuf hits you with a +3 quarterstaff of chaos.
Crazy Yiuf burns you.
You thump Crazy Yiuf!
Crazy Yiuf is heavily wounded.
Crazy Yiuf says, "Mountain senile horse!"
Crazy Yiuf hits you with a +3 quarterstaff of chaos.
You easily resist.
You closely miss Crazy Yiuf.
Crazy Yiuf is heavily wounded.
Crazy Yiuf hits you with a +3 quarterstaff of chaos!
You closely miss Crazy Yiuf.
Crazy Yiuf is heavily wounded.
Crazy Yiuf barely misses you.
You hit Crazy Yiuf.
Crazy Yiuf is severely wounded.
Crazy Yiuf hits you with a +3 quarterstaff of chaos!
You are poisoned.
Crazy Yiuf laughs, "Mama!
Castle snockshim disdain."
Crazy Yiuf hits you with a +3 quarterstaff of chaos.
You are lethally poisoned!
You barely miss Crazy Yiuf.
Crazy Yiuf is severely wounded.
* * * LOW HITPOINT WARNING * * *
You feel extremely sick. Crazy Yiuf closely misses you.
Unknown command.
It was a potion of magic.
Magic courses through your body.
* * * LOW HITPOINT WARNING * * *
You feel very sick.
Crazy Yiuf hits you with a +3 quarterstaff of chaos!
* * * LOW HITPOINT WARNING * * *
You are electrocuted!
You die...

#....####.......#...
#....# #.......'...
#....# #....####...
#.PP## #....####)..
##.## #...........
#.## #..#........
##.# #..#.....###
#.## #..#.....# ##@#
#..####### #g# #..#
... #..# #...# #..#
#..)# #### #####


You could see Crazy Yiuf.

Vanquished Creatures
  Natasha (thrice) (D:2)
  An adder (D:2)
  A worm (D:2)
  A dart slug (D:1)
  A ball python (D:1)
  4 bats
  3 endoplasms
  12 goblins
  6 hobgoblins
  3 frilled lizards
  3 kobolds (D:1)
  5 rats
43 creatures vanquished.

Notes
Turn   | Place    | Note
-------+----------+-------------------------------------------
     0 | D:1      | Stomo the Ogre Monk began the quest for the Orb.
     0 | D:1      | Reached XP level 1. HP: 24/24 MP: 1/1
   139 | D:1      | Reached XP level 2. HP: 32/32 MP: 2/2
   170 | D:1      | Found Quagg's Jewellery Emporium.
   543 | D:1      | Reached XP level 3. HP: 37/40 MP: 3/3
   726 | D:2      | Found a hide-covered altar of Uskayaw.
  1204 | D:2      | Noticed Natasha
  1231 | D:2      | Killed Natasha
  1232 | D:2      | Reached skill level 5 in Fighting
  1232 | D:2      | Reached XP level 4. HP: 20/50 MP: 4/4
  1597 | D:2      | Noticed Natasha
  1606 | D:2      | Killed Natasha
  1688 | D:2      | Noticed Natasha
  1704 | D:2      | Killed Natasha
  1705 | D:2      | Reached XP level 5. HP: 57/57 MP: 5/5
  1835 | D:2      | Found a runed translucent door.
  1836 | D:2      | Noticed Crazy Yiuf
  2236 | D:2      | Mangled by Crazy Yiuf

Illustrated notes

Levels and vault maps discovered:
D:1:      dpeg_arrival_subterranean_lakeside_camping, layout_basic,
          serial_shops, shop_fountains
D:2:      layout_basic, basic_altar, minmay_goblin_outpost, uniq_natasha,
          uniq_crazy_yiuf_cottage

Skill      XL: |  1  2  3 |
---------------+----------+-----
Maces & Flails | 3 |  3.7
Dodging        | 3 |  3.6
Fighting       | 5 |  5.4
Stealth        | |  1.4

Action                   |  1- 3 |  4- 6 || total
-------------------------+-------+-------++-------
Melee: Mace              |   118 |    37 ||   155
       Punch             |     1 |       ||     1
  Use: Scroll            |       |     2 ||     2
       Potion            |       |     2 ||     2
 Stab: Sleeping          |     3 |       ||     3
Armor: Robe              |    42 |     4 ||    46
       Skin              |       |     5 ||     5
Dodge: Dodged            |    71 |    17 ||    88
